 Dungeon Crawl Stone Soup version 0.31-a0-217-g58bb5d79cf (webtiles) character file.

Game seed: 3313987121386251759

31 qw the Shooter (level 3, 0/21 HPs)
             Began as a Gargoyle Hexslinger on July 2, 2023.
             Slain by a gnoll
             ... wielding a +0 club
              (5 damage)
             ... on level 2 of the Dungeon.
             The game lasted 00:00:20 (743 turns).

qw the Shooter (Gargoyle Hexslinger)                 Turns: 743, Time: 00:00:20

Health: 0/21       AC:  8    Str: 11    XL:     3   Next: 22%
Magic:  4/4        EV: 10    Int: 13    God:
Gold:   77         SH:  0    Dex: 14    Spells: 3/4 levels left

rFire   . . .        Y - +1 sling
rCold   . . .        (no shield)
rNeg    + . .        d - +0 ring mail
rPois   inf          (no helmet)
rElec   +            (no cloak)
rCorr   .            (no gloves)
SInv    .            (no boots)
Will    .....        (no amulet)
Stlth   +            (no ring)
HPRegen 0.23/turn    (no ring)
MPRegen 0.09/turn

%: no passive effects
@: no status effects
A: sickness immunity, AC +3, negative energy resistance 1, electricity
resistance, torment resistance 1, petrification resistance
a: no special abilities


You were on level 2 of the Dungeon.
You visited 1 branch of the dungeon, and saw 2 of its levels.

You collected 77 gold pieces.


Innate Abilities, Weirdness & Mutations

You are immune to sickness and miasma.
Your stone body is resilient. (AC +3)
You are immune to poison.
You resist negative energy. (rN+)
You are resistant to electric shocks. (rElec)
You are resistant to unholy torment.
You are immune to petrification.


   Skills:
 - Level 2.1 Fighting
 + Level 3.1 Ranged Weapons
 - Level 1.5 Dodging
 - Level 1.0 Spellcasting
 - Level 2.6 Hexes


You had 3 spell levels left.
You knew the following spells:

 Your Spells              Type           Power      Damage    Failure   Level
a - Slow                  Hex            28%        N/A       22%         1

Your spell library contained the following spells:

 Spells                   Type           Power      Damage    Failure   Level
 Inner Flame              Hex/Fire       4%         N/A       75%         3
 Portal Projectile        Hex/Tloc       8%         N/A       75%         3
 Cause Fear               Hex            3%         N/A       92%         4

Inventory:

Hand Weapons
 Y - a +1 sling (weapon)
Armour
 d - a +0 ring mail (worn)
Scrolls
 a - a scroll of torment {unknown}
Potions
 e - a potion of mutation {unknown}

Dungeon Overview and Level Annotations

Branches:
Dungeon (2/15)

Altars:


Message History

The hobgoblin barely misses you.
You shoot a sling bullet.
The sling bullet hits the hobgoblin but does no damage.
The hobgoblin is heavily wounded.
The hobgoblin barely misses you. The gnoll hits you but does no damage.
The hobgoblin hits you but does no damage.
The gnoll hits you but does no damage.
You shoot a sling bullet.
The sling bullet hits the hobgoblin but does no damage.
The hobgoblin is heavily wounded.
The hobgoblin closely misses you.
The gnoll hits you from afar with a +0 spear!
You shoot a sling bullet.
The sling bullet barely misses the hobgoblin.
The sling bullet hits the gnoll.
The gnoll is severely wounded.
The hobgoblin closely misses you. The gnoll hits you but does no damage.
The gnoll barely misses you. The gnoll misses you. The gnoll barely misses you.
The gnoll hits you with a +0 club.
The hobgoblin hits you but does no damage.
The gnoll hits you but does no damage.
You shoot a sling bullet. The sling bullet hits the hobgoblin.
You kill the hobgoblin!
The gnoll closely misses you. The gnoll barely misses you.
The gnoll hits you with a +0 club.
You shoot a sling bullet. The sling bullet hits the gnoll!
The gnoll is heavily wounded.
The gnoll closely misses you.
The gnoll hits you from afar with a +0 spear.
The gnoll hits you with a +0 club. The gnoll hits you but does no damage.
You shoot a sling bullet.
The sling bullet completely misses the gnoll.
The gnoll hits you but does no damage. The gnoll barely misses you.
The gnoll closely misses you. The gnoll hits you with a +0 club.
The gnoll closely misses you. The gnoll misses you.
The gnoll barely misses you.
You shoot a sling bullet. The sling bullet hits the gnoll.
The gnoll is heavily wounded.
The gnoll closely misses you. x2; The gnoll barely misses you.
The gnoll hits you with a +0 club.
You die...

#.###............
#.###..##........
#.#.............
#.#.####.......
#.....##.#.#.
#..##.)..# #
#..##.#.## #+#+#
#..#....##......
#..#.##.@g......
#.... ###g......
#....


gg..... #.### ....... #. ....... ....... ....... ....... You could see 4 gnolls.

Vanquished Creatures
  A dart slug (D:1)
  3 bats
  A giant cockroach (D:1)
  3 goblins (D:1)
  2 hobgoblins
  3 kobolds (D:1)
  3 quokkas (D:1)
  3 ball pythons
  A frilled lizard (D:2)
  9 rats
29 creatures vanquished.

Notes
Turn   | Place    | Note
-------+----------+-------------------------------------------
     0 | D:1      | qw the Gargoyle Hexslinger began the quest for the Orb.
     0 | D:1      | Reached XP level 1. HP: 12/12 MP: 2/2
     0 | D:1      | 0 ||| qw: Version: 0.3-a-40-ge99b1a8
     0 | D:1      | 0 ||| qw: Game counter: 189
     0 | D:1      | 0 ||| qw: Melee chars always use a shield: true
     0 | D:1      | 0 ||| qw: God list: Okawaru
     0 | D:1      | 0 ||| qw: Allow faded altars: false
     0 | D:1      | 0 ||| qw: Do Orc after clearing Dungeon:15 true
     0 | D:1      | 0 ||| qw: Do second Lair branch before Depths: true
     0 | D:1      | 0 ||| qw: Lair rune preference: random
     0 | D:1      | 0 ||| qw: Goals: Normal
     0 | D:1      | 0 ||| PLANNING D:1-11
   128 | D:1      | Reached XP level 2. HP: 16/16 MP: 3/3
   212 | D:1      | Reached skill level 3 in Ranged Weapons
   363 | D:1      | 363 ||| FLEEEEING.
   393 | D:1      | Reached XP level 3. HP: 21/21 MP: 4/4
   602 | D:1      | 602 ||| UPGRADING to +0 ring mail.
   612 | D:1      | 612 ||| DROPPING +0 robe.
   613 | D:1      | 613 ||| READING scroll labelled GOADEWNA EHIO.
   617 | D:1      | 617 ||| DROPPING scroll of poison.
   741 | D:2      | HP: 5/21 [gnoll/+0 club (3)]
   743 | D:2      | Slain by a gnoll

Levels and vault maps discovered:
D:1:      saegor_arrival_simple_e, layout_loops_cross, st_stairs_1
D:2:      layout_basic, st_stairs_4, minmay_hexomino_p4, uniq_crazy_yiuf_cottage

Skill      XL: |  1  2  3 |
---------------+----------+-----
Ranged Weapons | 3 |  3.1
Fighting       | 2 |  2.1
Dodging        | |  1.5
Spellcasting   | |  1.0
Hexes          | |  2.6

Action                     || total
---------------------------++-------
   Fire: Sling             ||    82
    Use: Scroll            ||     1
 Armour: Robe              ||     6
         Ring mail         ||     8
  Dodge: Dodged            ||    38

Table legend:
 A = Non-vault XP
 B = Vault XP
 C = Vault XP percentage of total XP
 D = Non-vault monster count
 E = Vault monster count
 F = Vault count percentage of total count
                 A         B        C        D         E       F
            +---------+---------+-------+---------+---------+-------
      Total |      40 |       5 |  11.1 |      25 |       4 |  13.8
            +---------+---------+-------+---------+---------+-------
        D:1 |      35 |       3 |   7.9 |      21 |       2 |   8.7
        D:2 |       5 |       2 |  28.6 |       4 |       2 |  33.3
            +---------+---------+-------+---------+---------+-------
